 Dungeon Crawl Stone Soup version 0.30-b1-2-g02819fbbbe (webtiles) character file.

Game seed: 8529059881492218224

140259 Ashen the Ogre Mage (level 17, 0/176 HPs)
             Began as an Ogre Air Elementalist on Jan 16, 2024.
             Was a High Priest of Vehumet.
             Slain by a meliai
             ... wielding a +0 hand axe
              (5 damage)
             ... on level 15 of the Dungeon on Jan 17, 2024.
             The game lasted 01:56:36 (28501 turns).

Ashen the Ogre Mage (Ogre Air Elementalist)        Turns: 28501, Time: 01:56:37

Health: 0/176      AC:  8    Str: 16    XL:     17   Next: 30%
Magic:  32/36      EV: 12    Int: 22    God:    Vehumet [*****.]
Gold:   1153       SH:  0    Dex:  9    Spells: 11/47 levels left

rFire   . . .        M - +4 flail (freeze)
rCold   . . .        (no shield)
rNeg    . . .        B - +0 robe of the Slug {rElec Regen+}
rPois   .            N - +2 hat
rElec   +            l - +2 cloak {Stlth+}
rCorr   .            (gloves unavailable)
SInv    +            (boots unavailable)
Will    +....        u - amulet of magic regeneration
Stlth   +++          P - ring of flight
HPRegen 1.29/turn    O - ring of see invisible
MPRegen 0.65/turn

%: no passive effects
@: flying
A: large, unfitting armour, tough skin 1
a: Renounce Religion


You were on level 15 of the Dungeon.
You worshipped Vehumet.
Vehumet was extremely pleased with you.
You visited 4 branches of the dungeon, and saw 23 of its levels.
You also visited: Gauntlet, Ice Cave and Volcano.

You collected 2827 gold pieces.
You spent 1674 gold pieces at shops.

Inventory:

Hand Weapons
 x - a +0 heavy giant spiked club
 F - a +0 giant spiked club of freezing
 M - a +4 flail of freezing (weapon)
 R - a +0 giant spiked club
Armour
 l - a +2 cloak of stealth (worn)
 B - the +0 robe of the Slug (worn) {rElec Regen+}
   (You found it on level 5 of the Dungeon)

   rElec:     It insulates you from electricity.
   Regen:     It increases your rate of health regeneration.
 H - +1 steam dragon scales
 N - a +2 hat (worn)
Jewellery
 k - an amulet of the acrobat
 p - a ring of willpower
 u - an amulet of magic regeneration (around neck)
 z - a +5 ring of evasion
 J - an amulet of regeneration
 O - a ring of see invisible (right hand)
 P - a ring of flight (left hand)
 Z - a ring of willpower
Wands
 t - a wand of charming (30)
 K - a wand of flame (26)
 Q - a wand of digging (4)
 U - a wand of mindburst (2)
Scrolls
 a - 3 scrolls of torment
 c - 3 scrolls of poison
 f - 4 scrolls of immolation
 g - 3 scrolls of teleportation
 q - 6 scrolls of enchant weapon
 r - a scroll of silence
 s - 10 scrolls of blinking
 w - a scroll of summoning
 y - 7 scrolls of enchant armour
 A - 7 scrolls of fog
 D - 6 scrolls of amnesia
 G - 4 scrolls of vulnerability
 L - 6 scrolls of fear
 S - 3 scrolls of magic mapping
Potions
 b - 3 potions of magic
 d - 4 potions of might
 e - 16 potions of curing
 h - 5 potions of haste
 i - 7 potions of brilliance
 j - 6 potions of flight
 n - 2 potions of resistance
 o - 3 potions of cancellation
 v - 6 potions of heal wounds
 C - 5 potions of lignification
 E - 6 potions of mutation
 I - 2 potions of attraction
 W - a potion of invisibility


   Skills:
 + Level 13.1 Fighting
 + Level 9.2 Maces & Flails
 + Level 9.7 Dodging
 - Level 3.0 Stealth
 * Level 15.6 Spellcasting
 * Level 13.1 Conjurations
 * Level 13.3 Air Magic


You had 11 spell levels left.
You knew the following spells:

 Your Spells              Type           Power      Damage    Failure   Level
a - Shock                 Conj/Air       100%       1d9       0%          1
b - Static Discharge      Conj/Air       100%       2-7/arc   0%          2
c - Swiftness             Air            66%        N/A       1%          3
d - Airstrike             Air            33%        2d(5-21)  1%          4
e - Arcjolt               Conj/Air       33%        1d43      1%          5
f - Plasma Beam           Fire/Air       23%        2x1d38    9%          6
g - Orb of Destruction    Conj           33%        9d10      3%          7
h - Maxwell's Capacitive  Air            33%        ∞         24%         8

Your spell library contained the following spells:

 Spells                   Type           Power      Damage    Failure   Level
 Magic Dart               Conj           100%       1d8       0%          1
 Foxfire                  Conj/Fire      100%       2x1d9     1%          1
 Dazzling Flash           Conj/Hex       92%        N/A       1%          3
 Mephitic Cloud           Conj/Pois/Air  54%        N/A       1%          3
 Stone Arrow              Conj/Erth      92%        3d12      1%          3
 Vhi's Electric Charge    Tloc/Air       92%        N/A       1%          3
 Flame Wave               Conj/Fire      46%        2d12      1%          4
 Iskenderun's Mystic Bla  Conj/Tloc      46%        2d10      1%          4
 Sticky Flame             Conj/Fire      46%        2d6       1%          4
 Fireball                 Conj/Fire      23%        3d11      1%          5
 Apportation              Tloc           34%        N/A       3%          1
 Inner Flame              Hex/Fire       17%        N/A       3%          3
 Volatile Blastmotes      Fire/Tloc      34%        2d12      3%          3
 Blink                    Tloc           34%        N/A       5%          2
 Call Imp                 Summ           34%        N/A       5%          2
 Lesser Beckoning         Tloc           34%        N/A       5%          2
 Passwall                 Tmut/Erth      14%        N/A       5%          2
 Silence                  Hex/Air        23%        N/A       6%          5
 Iron Shot                Conj/Erth      23%        9d5       10%         6
 Starburst                Conj/Fire      23%        6d8       10%         6
 Gell's Gravitas          Tloc           17%        N/A       11%         3
 Ozocubu's Armour         Ice            17%        N/A       11%         3
 Summon Guardian Golem    Hex/Summ       17%        N/A       11%         3
 Teleport Other           Tloc           17%        N/A       11%         3
 Lee's Rapid Deconstruct  Erth           8%         3d7*      24%         5
 Animate Armour           Summ/Erth      34%        N/A       34%         4
 Leda's Liquefaction      Hex/Erth       8%         N/A       34%         4
 Alistair's Intoxication  Tmut/Pois      11%        N/A       67%         5
 Blade Hands              Tmut           8%         N/A       67%         5
 Metabolic Englaciation   Hex/Ice        8%         N/A       67%         5
 Lehudib's Crystal Spear  Conj/Erth      23%        10d6      96%         8
 Dispersal                Tloc           8%         N/A       99%         6
 Simulacrum               Ice/Necr       8%         N/A       99%         6
 Statue Form              Tmut/Erth      11%        N/A       99%         6
 Malign Gateway           Summ/Tloc      8%         N/A       100%        7
 Disjunction              Tloc           8%         N/A       100%        8
 Summon Horrible Things   Summ           8%         N/A       100%        8


Dungeon Overview and Level Annotations

Branches:
Dungeon (15/15)            Temple (1/1) D:5            Lair (5/5) D:8
  Swamp (0/4) Lair:2       Spider (0/4) Lair:3        Slime (0/5) Lair:4
    Orc (2/2) D:11            Elf (0/3) Orc:2        Vaults (0/5) D:14
  IceCv (visited)         Volcano (visited)         Gauntlet (visited)
 Depths: D:15

Altars:
Ashenzari
Cheibriados
Dithmenos
Elyvilon
Fedhas
Gozag
Hepliaklqana
Kikubaaqudgha
Makhleb
Nemelex Xobeh
Okawaru
Qazlal
Ru
Sif Muna
Trog
Uskayaw
Vehumet
Wu Jian
Xom
Yredelemnul
Zin
The Shining One

Shops:
D:4 *!   D:6 :   D:7 *   D:11 =   D:12 :   D:13 ::*   D:14 (?[   Orc:1 :
Orc:2 **!!

Annotations:
D:2 1 runed translucent door, Crazy Yiuf
D:5 Edmund, Eustachio
Lair:3 2 transporters, discopopstar's ghost, journeyman HOBe


Innate Abilities, Weirdness & Mutations

You are too large for most types of armour.
You have tough skin. (AC +1)


Message History

You feel charge building up... The meliai hits you with a +0 hand axe!
The meliai stings you.
The meliai invokes the aid of its god against you.
Something smites you! The meliai hits you but does no damage.
The meliai stings you.
* * * LOW HITPOINT WARNING * * *
The meliai barely misses you. The meliai stings you.
* * * LOW HITPOINT WARNING * * *
Press: ? - help, v - describe, . - travel
Here: a meliai, wielding a +0 hand axe and wearing a +0 leather armour The floor.
There are monsters nearby!
You feel charge building up... The meliai hits you with a +0 hand axe!
* * * LOW HITPOINT WARNING * * *
The meliai stings you but does no damage.
The meliai barely misses you.
The meliai stings you but does no damage.
The meliai calls down the wrath of its god upon you.
Something smites you!
* * * LOW HITPOINT WARNING * * *
The meliai invokes the aid of its god against you.
Something smites you!
* * * LOW HITPOINT WARNING * * *
You feel much better.
The insufficient charge dissipates harmlessly.
The meliai hits you with a +0 hand axe.
* * * LOW HITPOINT WARNING * * *
The meliai stings you.
* * * LOW HITPOINT WARNING * * *
The meliai completely misses you. The meliai misses you.
The meliai invokes the aid of its god against you.
Something smites you!
* * * LOW HITPOINT WARNING * * *
The meliai hits you with a +0 war axe!
* * * LOW HITPOINT WARNING * * *
The meliai stings you but does no damage.
The meliai hits you with a +0 hand axe!
* * * LOW HITPOINT WARNING * * *
The meliai stings you.
You die...

#.# #.#..
#.# #....#
### #....#
.. #.#..#
.... #....#
......
#....######
###...
#...yy....#
#.#.#.
#...y@###.#
#.#...
#.........#
#.#
#.........#
#.#
#.........#
#.#
#..#......#
#.#
#..#..###.#
#.##.#
#.........#
#.##.#
#.........#
#.##.#
#..#..#...#
#.##.#


You could see 3 meliai.

Vanquished Creatures
  Jorgrun (D:14)
  Gastronok (Orc:1)
  Agnes (D:15)
  Roxanne (D:14)
  An iron dragon (D:14)
  A fire giant (D:14)
  2 frost giants
  An orc warlord (Orc:2)
  A dire elephant (Lair:4)
  An ettin (D:15)
  Josephine (Lair:4)
  7 centaur warriors
  2 hydras
  5 two-headed ogres
  A merfolk avatar (Lair:5)
  4 boulder beetles
  7 orc high priests
  9 death yaks
  A hell knight (Volcano)
  Nergalle (Orc:1)
  A skeletal warrior (D:14)
  A salamander mystic (Volcano)
  2 skysharks (Lair:5)
  A sea snake (Lair:5)
  An obsidian statue (D:14)
  A flayed ghost (D:14)
  2 wizards
  2 harpies (Lair:5)
  2 necromancers
  14 ugly things
  2 deep elf pyromancers
  3 orc sorcerers
  7 orc knights (Orc:2)
  3 oklob plants (Lair:4)
  7 manticores
  4 salamanders (Volcano)
  5 cyclopes
  Joseph (D:9)
  2 ice statues
  5 elephants
  2 molten gargoyles (Volcano)
  Maurice (D:9)
  5 black mambas
  3 gargoyles
  5 cane toads
  2 torpor snails (Lair:5)
  12 rime drakes
  8 komodo dragons
  A kobold demonologist (D:14)
  A tengu conjurer (D:14)
  2 wind drakes (shapeshifter)
  A hornet (D:14)
  13 polar bears
  13 trolls
  8 dream sheep
  A raiju (shapeshifter) (D:15)
  7 blink frogs (Lair:5)
  2 snapping turtles (Lair:5)
  4 culicivoras (Lair:3)
  5 jumping spiders (Lair:3)
  15 slime creatures
  3 vampires
  8 wyverns
  A shadow (D:9)
  5 basilisks
  4 steam dragons
  59 yaks
  5 wraiths
  2 fire bats (Volcano)
  2 chaos spawn (Gauntlet)
  A redback (Lair:3)
  A neqoxec (Gauntlet)
  9 vampire mosquitoes
  12 wargs
  2 acid dragons
  15 water moccasins
  54 orc warriors
  A sky beast (D:7)
  12 ogres
  2 ice beasts
  18 wolves
  2 phantoms
  10 centaurs
  Blork the orc (D:5)
  13 bullfrogs
  3 scorpions
  3 gnoll sergeants
  22 wights
  20 killer bees
  A howler monkey (D:4)
  6 electric eels
  5 lava snakes (Volcano)
  8 jellies
  A hound (D:7)
  31 orc priests
  A gnoll bouda (D:10)
  2 iguanas
  21 orc wizards
  6 adders
  19 gnolls
  2 shadow imps (D:6)
  4 white imps
  An ufetubus (D:4)
  4 worms
  3 dart slugs
  112 orcs
  6 ball pythons
  4 bats
  9 endoplasms
  3 giant cockroaches
  3 goblins
  3 hobgoblins
  3 jackals (D:5)
  5 kobolds
  5 quokkas
  5 frilled lizards
  4 rats
793 creatures vanquished.

Vanquished Creatures (others)
  A yak (IceCv)
  A centaur (D:15)
  A killer bee (D:9)
  A bush (D:8)
  3 demonic plants (Gauntlet)
  25 fungi
  72 plants
104 creatures vanquished.

Grand Total: 897 creatures vanquished

Notes
Turn   | Place    | Note
-------+----------+-------------------------------------------
     0 | D:1      | Ashen the Ogre Air Elementalist began the quest for the
                  | Orb.
     0 | D:1      | Reached XP level 1. HP: 16/16 MP: 3/3
   244 | D:1      | Reached skill level 1 in Conjurations
   582 | D:1      | Reached XP level 2. HP: 26/26 MP: 3/5
   983 | D:2      | Found a runed translucent door.
   984 | D:2      | Noticed Crazy Yiuf
  1126 | D:2      | Reached skill level 1 in Fighting
  1230 | D:2      | Reached XP level 3. HP: 33/33 MP: 5/7
  1779 | D:3      | Reached skill level 3 in Spellcasting
  1779 | D:3      | Reached XP level 4. HP: 23/41 MP: 1/8
  1986 | D:3      | Reached XP level 5. HP: 20/48 MP: 2/9
  2026 | D:3      | Found an ancient bone altar of Kikubaaqudgha.
  2134 | D:3      | Learned a level 2 spell: Static Discharge
  2138 | D:3      | Learned a level 3 spell: Swiftness
  2143 | D:3      | Learned a level 4 spell: Airstrike
  2402 | D:3      | Found a hazy altar of Hepliaklqana.
  2436 | D:3      | Found a basalt altar of Yredelemnul.
  3104 | D:4      | Found Kufugeut's Distillery.
  3123 | D:4      | Bought a potion of heal wounds for 55 gold pieces
  3123 | D:4      | Bought a potion of haste for 110 gold pieces
  3123 | D:4      | Bought a potion of curing for 33 gold pieces
  3126 | D:4      | Found Tantan's General Store.
  3218 | D:4      | Found a white marble altar of Elyvilon.
  3328 | D:4      | Reached XP level 6. HP: 56/57 MP: 1/11
  3418 | D:4      | Reached skill level 1 in Maces & Flails
  3789 | D:4      | Reached skill level 4 in Spellcasting
  3996 | D:4      | Reached XP level 7. HP: 48/66 MP: 1/13
  4286 | D:4      | Noticed a moth of wrath
  4289 | D:4      | Found a bloodstained altar of Trog.
  4390 | D:5      | Entered Level 5 of the Dungeon
  4410 | D:5      | Identified the +0 robe of the Slug {rElec Regen+}
  4479 | D:5      | Found a staircase to the Ecumenical Temple.
  4496 | Temple   | Entered the Ecumenical Temple
  4623 | Temple   | Became a worshipper of Vehumet
  4637 | D:5      | Identified the amulet "Diux" {Faith Harm Int+4 Stlth+}
  4643 | D:5      | Noticed Eustachio
  4744 | D:5      | Noticed Edmund
  4986 | D:5      | Noticed Blork the orc
  5015 | D:5      | Killed Blork the orc
  5297 | D:5      | Reached skill level 5 in Spellcasting
  5297 | D:5      | Reached XP level 8. HP: 58/75 MP: 6/15
  5480 | D:6      | Found a sparkling altar of Nemelex Xobeh.
  5509 | D:6      | Found a glowing golden altar of the Shining One.
  5839 | D:6      | Found Ysumupn's Self-Improvement Boutique.
  6822 | D:7      | Reached skill level 5 in Air Magic
  6873 | D:7      | Found Kaot Ukh's Overcharged Wands.
  6888 | D:7      | Reached * piety under Vehumet
  6888 | D:7      | Offered knowledge of Kiss of Death by Vehumet.
  7026 | D:7      | Reached skill level 6 in Spellcasting
  7026 | D:7      | Reached XP level 9. HP: 57/85 MP: 10/18
  7325 | D:7      | Reached skill level 5 in Conjurations
  7538 | D:8      | Reached skill level 5 in Fighting
  7586 | D:8      | Offered knowledge of Sandblast by Vehumet.
  7642 | D:8      | Found a staircase to the Lair.
  7646 | D:8      | Reached skill level 7 in Spellcasting
  7648 | D:8      | Reached ** piety under Vehumet
  7808 | D:8      | Reached XP level 10. HP: 73/98 MP: 11/20
  8447 | D:8      | Found a shadowy altar of Dithmenos.
  8514 | D:8      | Reached skill level 8 in Spellcasting
  8976 | Lair:1   | Entered Level 1 of the Lair of Beasts
  8976 | Lair:1   | Noticed a death yak
  8976 | Lair:1   | Noticed a death yak
  8976 | Lair:1   | Noticed a death yak
  8976 | Lair:1   | Noticed a death yak
  8987 | D:8      | Killed a death yak
  8988 | D:8      | Reached skill level 5 in Dodging
  9080 | D:9      | Offered knowledge of Scorch by Vehumet.
  9332 | D:9      | Noticed Maurice
  9342 | D:9      | Killed Maurice
  9472 | D:9      | Reached *** piety under Vehumet
  9485 | D:9      | Reached XP level 11. HP: 70/107 MP: 7/23
  9732 | D:9      | Reached skill level 9 in Spellcasting
  9924 | D:9      | Noticed Joseph
  9948 | D:9      | Noticed a two-headed ogre
  9955 | D:9      | Killed Joseph
 10142 | D:9      | Killed a two-headed ogre
 10295 | D:9      | Offered knowledge of Fulminant Prism by Vehumet.
 10303 | D:9      | Reached skill level 5 in Maces & Flails
 10304 | D:9      | Reached **** piety under Vehumet
 10442 | D:10     | Entered Level 10 of the Dungeon
 10649 | D:10     | Offered knowledge of Lee's Rapid Deconstruction by Vehumet.
 10924 | D:10     | Identified the +0 ring mail of Defence {Int+3}
 11658 | D:11     | Reached ***** piety under Vehumet
 11658 | D:11     | Offered knowledge of Arcjolt by Vehumet.
 11667 | D:10     | Learned a level 5 spell: Arcjolt
 11677 | D:11     | Noticed a green ugly thing
 11681 | D:11     | Noticed a boulder beetle
 11682 | D:11     | Reached skill level 10 in Spellcasting
 11719 | D:11     | Reached XP level 12. HP: 120/120 MP: 21/26
 11773 | D:11     | Killed a boulder beetle
 11869 | D:11     | HP: 4/122 [gargoyle/stone arrow (15)]
 11875 | D:11     | Found a staircase to the Orcish Mines.
 11879 | Orc:1    | Entered Level 1 of the Orcish Mines
 12125 | D:11     | Found a transporter.
 12125 | D:11     | Found Tiacvama's Jewellery Boutique.
 12145 | D:11     | Found a transporter.
 12195 | D:11     | Noticed a two-headed ogre
 12199 | D:11     | Killed a two-headed ogre
 12323 | D:11     | Bought a ring of see invisible for 210 gold pieces
 12531 | D:12     | Got the Discursus on Hazy Leadership
 13146 | D:12     | Found Atashroa's Vocational Training.
 13370 | D:13     | Found Biamn's Book Shop.
 13448 | D:13     | Reached skill level 11 in Spellcasting
 13702 | D:13     | Found Hiduz Ype's Book Boutique.
 14010 | D:13     | Noticed a centaur warrior
 14017 | D:13     | Killed a centaur warrior
 14018 | D:13     | Reached XP level 13. HP: 70/131 MP: 16/28
 14085 | D:13     | Found Vehaman's Assorted Antiques.
 14090 | D:13     | Bought a scroll labelled WOYNUT ARAOV for 27 gold pieces
 14090 | D:13     | Bought a potion of flight for 81 gold pieces
 14229 | Orc:1    | Noticed Nergalle
 14273 | Orc:1    | Found Orcherch's Book Emporium.
 14371 | Orc:1    | Killed Nergalle
 14562 | Orc:2    | Entered Level 2 of the Orcish Mines
 14575 | Orc:2    | Offered knowledge of Eringya's Noxious Bog by Vehumet.
 14585 | Orc:2    | Found a frozen archway.
 14660 | IceCv    | Entered an ice cave
 14690 | IceCv    | Reached skill level 10 in Air Magic
 15035 | IceCv    | Reached skill level 10 in Fighting
 15095 | IceCv    | Reached skill level 12 in Spellcasting
 15097 | IceCv    | Reached skill level 10 in Conjurations
 15271 | IceCv    | Noticed a frost giant
 15280 | IceCv    | Killed a frost giant
 15722 | Orc:2    | Offered knowledge of Plasma Beam by Vehumet.
 16096 | Orc:2    | Reached XP level 14. HP: 144/144 MP: 15/30
 16312 | Orc:2    | Found Enuytwuc's General Store.
 16312 | Orc:2    | Found Acreoraumn's Assorted Antiques.
 16313 | Orc:2    | Found Coshrid's Distillery.
 16313 | Orc:2    | Found Soent's Distillery.
 16320 | Orc:2    | Bought a scroll of enchant weapon for 97 gold pieces
 16320 | Orc:2    | Bought 2 scrolls of amnesia for 104 gold pieces
 16320 | Orc:2    | Bought a potion of heal wounds for 65 gold pieces
 16321 | Orc:2    | Bought a potion of magic for 128 gold pieces
 16321 | Orc:2    | Bought a potion of curing for 48 gold pieces
 16321 | Orc:2    | Bought a potion of invisibility for 128 gold pieces
 16321 | Orc:2    | Bought 2 potions of flight for 96 gold pieces
 16381 | Orc:2    | Found a staircase to the Elven Halls.
 16845 | Orc:2    | Noticed an orc warlord
 16846 | Orc:2    | Noticed an orc warlord
 16979 | Orc:1    | Learned a level 6 spell: Plasma Beam
 17245 | Orc:2    | Reached skill level 13 in Spellcasting
 17313 | Orc:2    | Killed an orc warlord
 17784 | Orc:2    | Identified the amulet of Xoocwi Husch {Acrobat rC+ Dex+3
                  | Stlth-}
 17787 | Orc:2    | Identified the +2 dire flail "Diahopua" {protect, *Rage
                  | Dex+6}
 17788 | Orc:2    | Identified the +9 sling of Disembowelment {drain, Str+2}
 17806 | Orc:2    | Identified the +5 short sword "Vecsouti" {drain, MP-9
                  | Dex+6}
 18094 | Orc:1    | Reached XP level 15. HP: 154/154 MP: 32/32
 18135 | Orc:1    | Noticed Gastronok
 18139 | Orc:1    | Offered knowledge of Fireball by Vehumet.
 18362 | Orc:1    | Killed Gastronok
 19151 | Lair:1   | Identified the +8 quarterstaff "Reithon" {freeze, Str+3
                  | Stlth+}
 19431 | Lair:2   | Found a staircase to the Swamp.
 19600 | Lair:2   | Reached skill level 14 in Spellcasting
 20499 | Lair:3   | Found a gate leading to a gauntlet.
 20508 | Gauntlet | Entered a Gauntlet
 20508 | Gauntlet | Found a transporter.
 20508 | Gauntlet | Found a transporter.
 20520 | Gauntlet | Found a transporter.
 20538 | Gauntlet | Found a transporter.
 20538 | Gauntlet | Found a transporter.
 20540 | Gauntlet | Found a transporter.
 20540 | Gauntlet | Found a transporter.
 20541 | Gauntlet | Found a transporter.
 20545 | Gauntlet | Found a runed translucent door.
 20552 | Gauntlet | Found a transporter.
 20568 | Gauntlet | Found a transporter.
 20570 | Gauntlet | Found a runed translucent door.
 20578 | Gauntlet | Found a transporter.
 20592 | Gauntlet | Found a transporter.
 20627 | Gauntlet | Found a transporter.
 20639 | Gauntlet | Found a transporter.
 20683 | Gauntlet | Offered knowledge of Orb of Destruction by Vehumet.
 20699 | Gauntlet | Identified a scroll of acquirement
 20735 | Gauntlet | Identified the -1 helmet of the End {-Tele Rampage *Corrode
                  | Str+5}
 20750 | Gauntlet | Identified the +0 hat of the Northern Lights {Fly Stlth+}
 20766 | Gauntlet | Identified the +7 fire dragon scales "Yloul" {rF++ rC-
                  | Will- Dex+6 Slay+3 SInv}
 20809 | Gauntlet | HP: 6/156 [minotaur/bolt (38)]
 20826 | Gauntlet | Got Sif Muna's Meditations on the Blink Frog
 20981 | Lair:3   | Found a hole to the Spider Nest.
 21014 | Lair:3   | Learned a level 7 spell: Orb of Destruction
 21031 | Lair:3   | Reached XP level 16. HP: 165/165 MP: 7/34
 21278 | Lair:3   | Acquired the staff of air "Xutween" {rElec Str+3 SInv}
 21293 | Lair:3   | Found a transporter.
 21299 | Lair:3   | Found a transporter.
 21302 | Lair:3   | Noticed discopopstar's ghost (journeyman HOBe)
 21506 | Lair:3   | Identified the +0 leather armour "Afonugi" {rC+ Int+3}
 21562 | Lair:3   | Found a blossoming altar of Fedhas.
 21702 | Lair:3   | Identified the +9 halberd of the Kissing Salmon {venom, Fly
                  | rElec}
 22012 | Lair:4   | Noticed Josephine
 22015 | Lair:4   | Killed Josephine
 22498 | Lair:4   | Found a staircase to the Slime Pits.
 22868 | Lair:5   | Entered Level 5 of the Lair of Beasts
 23193 | Lair:5   | Found a dark tunnel.
 23201 | Volcano  | Entered a volcano
 23214 | Volcano  | Reached ****** piety under Vehumet
 23457 | Volcano  | Offered knowledge of Irradiate by Vehumet.
 23487 | Volcano  | Found a bloodstained altar of Trog.
 23495 | Volcano  | HP: 7/247 [salamander/+0 halberd (9)]
 23700 | Volcano  | Identified the +1 hat of the Snake Pit {rPois rF+ Str-5
                  | Int+3}
 24076 | Lair:5   | Identified the +5 rapier of the Swamp {freeze, rCorr
                  | Stlth+}
 24684 | Lair:5   | Identified the +7 trident of Uncertain Death {flame, Dex+4}
 25408 | D:14     | Found Liogarr's Armour Emporium.
 25459 | D:14     | Found Eroypn's Magic Scroll Shop.
 25468 | D:14     | Bought a scroll of fog for 68 gold pieces
 25468 | D:14     | Bought a scroll of enchant armour for 127 gold pieces
 25468 | D:14     | Bought a scroll of fog for 68 gold pieces
 25468 | D:14     | Bought a scroll of fog for 68 gold pieces
 25468 | D:14     | Bought a scroll of torment for 161 gold pieces
 25613 | D:14     | Reached skill level 15 in Spellcasting
 25664 | D:14     | Found a gate to the Vaults.
 25720 | D:14     | Identified Roxanne's Vademecum on Talus
 25720 | D:14     | Noticed Roxanne
 25726 | D:14     | Killed Roxanne
 25899 | D:14     | Found Zoczuoch's Weapon Shoppe.
 26952 | D:14     | Noticed Jorgrun
 27012 | D:14     | Reached XP level 17. HP: 175/175 MP: 11/36
 27038 | D:14     | Killed Jorgrun
 27564 | D:14     | Offered knowledge of Maxwell's Capacitive Coupling by
                  | Vehumet.
 27580 | D:14     | Learned a level 8 spell: Maxwell's Capacitive Coupling
 27911 | D:15     | Entered Level 15 of the Dungeon
 28041 | D:15     | Noticed Agnes
 28060 | D:15     | Killed Agnes
 28501 | D:15     | HP: 5/176 [meliai/+0 hand axe (11)]
 28501 | D:15     | Slain by a meliai

Illustrated notes

Levels and vault maps discovered:
D:1:      pf_arrival_petrified_forest, layout_loops_ring, roderic_lattice_a
D:2:      layout_rooms, minmay_tripent, uniq_crazy_yiuf_cottage
D:3:      layout_loops_ring, mainiacjoe_overflow_surrounded_room,
          mainiacjoe_overflow_chevrons, mainiacjoe_overflow_alcove_2
D:4:      layout_gridville, tgw_trog, mainiacjoe_overflow_alcove_1,
          serial_shops, nicolae_shop_tiny_waterfront, shop,
          chequers_serial_rivers_marsh, minmay_quantized
D:5:      layout_basic, minmay_temple_entry_waves, uniq_edmund, uniq_eustachio,
          uniq_blork_the_orc
D:6:      layout_basic, tso_oasis_becter, mainiacjoe_overflow_tiny_flanked,
          kennysheep_big_empty_room, nicolae_shop_self_help
D:7:      layout_basic, nicolae_shop_overcharged_wands
D:8:      layout_layer_cave, mainiacjoe_overflow_catwalk,
          minmay_lair_entry_grove
D:9:      minmay_angry_zag, layout_cave_pods, special_room [special_room_orc],
          st_stairs_7, uniq_joseph, uniq_maurice
D:10:     layout_basic
D:11:     layout_cross, minmay_orc_entry_guard_dogs, serial_shops,
          nicolae_shop_drivethru
D:12:     layout_irregular_city, nicolae_shop_vocational
D:13:     layout_loops_ring, serial_shops, nicolae_shop_window_shopping,
          kennysheep_little_box, shop_fountains
D:14:     cheibrodos_leafed_vault, layout_loops_ring, david_vaults_1,
          serial_shops, nicolae_shop_hallway_plus, shop_fountains,
          nicolae_shop_just_a_little_nook, abandoned_shop, serial_bayou_pond_a,
          minivault_16, uniq_jorgrun, uniq_roxanne
D:15:     hangedman_depths_entry_civil_slaughter, layout_stronghold, uniq_agnes
Temple:   nicolae_temple_superstar
Lair:1:   gammafunk_indiana_jones, layout_concentric_octagons,
          grunt_megastairs_5
Lair:2:   layout_regular_city, swamp_mist
Lair:3:   statuecave_lemuel, layout_regular_city,
          nicolae_spider_entry_tight_spaces, gammafunk_ghost_hive,
          gauntlet_entry_generic, basic_altar
Lair:4:   layout_regular_city, minmay_slime_entry_oklob_open,
          serial_bayou_shore_b, uniq_josephine
Lair:5:   gammafunk_lair_ancient_temple, layout_long_grid,
          nicolae_volcano_entry_lava_flow, hangedman_lair_generics_rect
Orc:1:    layout_caves, serial_shops, nicolae_shop_hallway_plus, uniq_gastronok,
          uniq_nergalle
Orc:2:    st_orc_pillars, layout_caves, portal_ice_cave_rime,
          minmay_orc_treasury

Skill      XL: |  1  2  3  4  5  6  7  8  9 10 11 12 13 14 15 16 17 |
---------------+----------------------------------------------------+-----
Conjurations   | 1 2 3 4 5 6 8 9 10 11 12 13 | 13.1
Fighting       | 1 2 3 4 5 6 8 9 10 11 12 13 | 13.1
Dodging        | 2 3 4 5 6 7 8 9 |  9.7
Air Magic      | 3 4 5 6 7 8 9 10 11 12 13 | 13.3
Spellcasting   | 3 4 5 6 7 8 10 11 12 13 14 15 | 15.6
Stealth        | 2 3 |  3.0
Maces & Flails | 1 2 3 4 5 6 7 8 9 |  9.2

Action                     |  1- 3 |  4- 6 |  7- 9 | 10-12 | 13-15 | 16-18 || total
---------------------------+-------+-------+-------+-------+-------+-------++-------
  Melee: Unarmed           |     5 |       |       |       |       |       ||     5
         Whip              |    30 |       |       |       |       |       ||    30
         Punch             |     2 |       |     1 |     3 |     1 |     2 ||     9
         Flail             |     7 |    52 |   102 |   112 |   167 |   107 ||   547
   Cast: Shock             |    60 |   113 |   101 |    69 |     4 |       ||   347
         Static Discharge  |       |       |    43 |    99 |     3 |       ||   145
         Airstrike         |       |       |    23 |   164 |   179 |    81 ||   447
         Swiftness         |       |       |     2 |     2 |     5 |     7 ||    16
         Arcjolt           |       |       |       |    45 |   189 |    48 ||   282
         Plasma Beam       |       |       |       |       |    22 |     4 ||    26
         Orb of Destructio |       |       |       |       |     5 |   201 ||   206
         Maxwell's Capacit |       |       |       |       |       |     3 ||     3
  Evoke: Wand              |       |       |       |     1 |     5 |    15 ||    21
    Use: Scroll            |       |       |     9 |     5 |     5 |     7 ||    26
         Potion            |       |       |       |     3 |     6 |     2 ||    11
   Stab: Sleeping          |       |     1 |       |     2 |       |     1 ||     4
 Armour: Robe              |     7 |    33 |    37 |   100 |    78 |   110 ||   365
  Dodge: Dodged            |    17 |    57 |   114 |   193 |   252 |   182 ||   815
